 Dungeon Crawl Stone Soup version 0.22.1-1-ga44c0e5 (webtiles) character file.

1423 magicm the Cleaver (level 8, -2/70 HPs)
             Began as a Hill Orc Fighter on Nov 10, 2018.
             Was a Believer of Makhleb.
             Succumbed to Duvessa's poison
             ... on level 6 of the Dungeon.
             The game lasted 00:23:39 (3939 turns).

magicm the Cleaver (Hill Orc Fighter)               Turns: 3939, Time: 00:23:40

Health: -2/70      AC: 16    Str: 19    XL:     8   Next: 72%
Magic:  8/8        EV:  4    Int: 10    God:    Makhleb [**....]
Gold:   391        SH: 10    Dex: 10    Spells: 7/7 levels left

rFire    . . .     SeeInvis +   a - +0 war axe
rCold    . . .     Gourm    .   c - +0 shield
rNeg     . . .     Faith    .   i - +0 plate armour
rPois    .         Spirit   .   n - +0 helmet
rElec    .         Reflect  .   (no cloak)
rCorr    .         Harm     .   g - +2 pair of gloves
MR       .....                  (no boots)
Stlth    ..........             (no amulet)
HPRegen  0.21/turn              p - ring of see invisible
MPRegen  0.11/turn              (no ring)

@: lethally poisoned (-2 -> -31)
A: no striking features
a: Minor Destruction, Renounce Religion


You were on level 6 of the Dungeon.
You worshipped Makhleb.
Makhleb was pleased with you.
You were not hungry.

You visited 1 branch of the dungeon, and saw 7 of its levels.

You collected 391 gold pieces.

Inventory:

Hand Weapons
 a - a +0 war axe (weapon)
Armour
 c - a +0 shield (worn)
 g - a +2 pair of gloves (worn)
 i - a +0 plate armour (worn)
 n - a +0 helmet (worn)
Jewellery
 p - a ring of see invisible (left hand)
Wands
 d - a wand of digging (29)
Scrolls
 b - 3 scrolls of fog
 h - 4 scrolls of teleportation
 j - a scroll of blinking
 k - 2 scrolls of remove curse
 m - 3 scrolls of magic mapping
 o - 2 scrolls of amnesia
 r - a scroll of holy word
Potions
 e - 2 potions of agility
 l - a potion of flight
 q - a potion of heal wounds
 s - a potion of curing
Comestibles
 f - 9 rations


   Skills:
 + Level 5.9 Fighting
 + Level 9.1 Axes
 + Level 5.1 Armour
 + Level 0.4 Dodging
 + Level 0.2 Stealth
 + Level 7.2 Shields


You had 7 spell levels left.
You didn't know any spells.
Your spell library was empty.

Dungeon Overview and Level Annotations

Branches:
Dungeon (7/15)             Temple (0/1) D:4

Altars:
Hepliaklqana
Makhleb
Okawaru
Zin

Shops:
D:7 (

Annotations:
D:7 Dowan, Duvessa, Menkaure


Message History

You closely miss Duvessa.
Duvessa is severely wounded.
* * * LOW HITPOINT WARNING * * *
You feel very sick. Duvessa hits you but does no damage.
You block Duvessa's attack.
* * * LOW HITPOINT WARNING * * *
You feel very sick.
Duvessa is no longer moving quickly.
There is a stone staircase leading up here.
* * * LOW HITPOINT WARNING * * *
You feel very sick.
Duvessa says, "Where magic fails, the sword succeeds!"
You block Duvessa's attack.
You climb upwards.
* * * LOW HITPOINT WARNING * * *
You feel very sick.
There is a stone staircase leading down here.
* * * LOW HITPOINT WARNING * * *
You feel sick.
You die...

######## #.......
#########.###### #.........###
###### ##>#.........# .....#
#####..........#.#
####.########.).@....#####.#.#
####..##...<..#.#....#####.#.#
.....#...####.).##......##.#.#
###.###........#####.##.##.#.####
##.#.####....## #.##.##.#.....
#............####.......######
####..####..............####
......# #......######..# ###...#
##....## #..#


There were no monsters in sight!

Vanquished Creatures
  Sigmund (D:3)
  A sky beast (D:5)
  An orc warrior (D:6)
  An ogre (D:5)
  A centaur (D:5)
  A water moccasin skeleton (D:6)
  A killer bee (D:6)
  2 howler monkeys
  5 orc wizards
  Crazy Yiuf (D:2)
  4 hounds
  3 orc priests
  An iguana (D:5)
  Terence (D:3)
  3 worker ants
  2 worker ant zombies
  5 gnolls
  4 adders
  3 oozes
  An adder zombie (D:6)
  3 worms
  2 dart slugs (D:3)
  7 leopard geckos
  21 orcs
  9 bats
  A giant cockroach (D:1)
  3 hobgoblins
  3 jackals (D:2)
  4 quokkas
  2 ball pythons
  3 frilled lizards
  A giant cockroach zombie (D:5)
  6 goblins
  A jackal skeleton (D:5)
  6 kobolds
  A quokka skeleton (D:4)
  3 rats
118 creatures vanquished.

Notes
Turn   | Place    | Note
-------+----------+-------------------------------------------
     0 | D:1      | magicm the Hill Orc Fighter began the quest for the Orb.
     0 | D:1      | Reached XP level 1. HP: 19/19 MP: 1/1
    46 | D:1      | Reached XP level 2. HP: 27/27 MP: 2/2
   311 | D:1      | Reached skill level 3 in Axes
   311 | D:1      | Reached XP level 3. HP: 23/33 MP: 3/3
  1032 | D:2      | Found a runed door.
  1037 | D:2      | Noticed Crazy Yiuf
  1044 | D:2      | Killed Crazy Yiuf
  1044 | D:2      | Reached XP level 4. HP: 40/40 MP: 4/4
  1190 | D:3      | Found a burning altar of Makhleb.
  1193 | D:3      | Found a glowing silver altar of Zin.
  1193 | D:3      | Noticed an angel
  1196 | D:3      | Noticed a green death
  1199 | D:3      | Became a worshipper of Makhleb the Destroyer
  1300 | D:3      | Reached XP level 5. HP: 10/46 MP: 5/5
  1328 | D:3      | Noticed Terence
  1351 | D:3      | Killed Terence
  1351 | D:3      | Reached skill level 4 in Axes
  1426 | D:3      | Reached skill level 5 in Shields
  1480 | D:3      | Noticed Sigmund
  1483 | D:3      | Found an iron altar of Okawaru.
  1591 | D:3      | Reached * piety under Makhleb
  1595 | D:3      | Killed Sigmund
  1595 | D:3      | Reached skill level 6 in Axes
  1595 | D:3      | Reached XP level 6. HP: 21/53 MP: 6/6
  1909 | D:4      | Found a staircase to the Ecumenical Temple.
  2025 | D:4      | Reached XP level 7. HP: 56/60 MP: 7/7
  2285 | D:4      | Reached skill level 7 in Axes
  2392 | D:4      | Reached skill level 5 in Fighting
  2589 | D:5      | Entered Level 5 of the Dungeon
  2663 | D:5      | Found a hazy altar of Hepliaklqana.
  2805 | D:5      | Reached skill level 8 in Axes
  2805 | D:5      | Reached XP level 8. HP: 68/68 MP: 8/8
  3102 | D:6      | Reached skill level 5 in Armour
  3210 | D:6      | Reached skill level 9 in Axes
  3211 | D:6      | Reached ** piety under Makhleb
  3721 | D:7      | Found Fonyduv's Weapon Boutique.
  3721 | D:7      | Noticed Menkaure
  3902 | D:7      | Noticed Duvessa
  3905 | D:7      | Noticed Dowan
  3937 | D:6      | HP: 2/70 [poisoned by Duvessa]
  3939 | D:6      | Succumbed to Duvessa's poison

Skill      XL: |  1  2  3  4  5  6  7  8 |
---------------+-------------------------+-----
Fighting       | 4 5 |  5.9
Axes           | 3 6 8 9 |  9.1
Shields        | 4 5 6 7 |  7.2
Armour         | 4 5 |  5.1
Dodging        | |  0.4
Stealth        | |  0.2

Action                   |  1- 3 |  4- 6 |  7- 9 || total
-------------------------+-------+-------+-------++-------
Melee: War axe           |    99 |   176 |   251 ||   526
Invok: Minor Destruction |       |       |     1 ||     1
  Use: Scroll            |     8 |     4 |     9 ||    21
       Potion            |     2 |     8 |       ||    10
 Stab: Invisible         |     2 |       |       ||     2
  Eat: Ration            |     1 |     1 |     2 ||     4
Armor: Scale mail        |    18 |       |       ||    18
       Plate armour      |    54 |   111 |   129 ||   294
Dodge: Dodged            |    21 |    11 |    35 ||    67
Block: Shield            |    57 |    72 |   132 ||   261
